 Dungeon Crawl Stone Soup version 0.27.1 (webtiles) character file.

Game seed: 11720102997472521452

6407 spiderkeys the Carver (level 10, -5/65 HPs)
             Began as a Tengu Fighter on Aug 28, 2021.
             Was a Priest of Okawaru.
             Shot with a bolt by a yaktaur (17 damage)
             ... on level 10 of the Dungeon.
             The game lasted 00:18:00 (10435 turns).

spiderkeys the Carver (Tengu Fighter)              Turns: 10435, Time: 00:18:01

Health: -5/65      AC: 11    Str: 28    XL:     10   Next: 98%
Magic:  13/13      EV: 14    Int:  9    God:    Okawaru [***...]
Gold:   1763       SH: 12    Dex: 15    Spells: 7/9 levels left

rFire    . . .     SeeInvis .   p - +3 long sword
rCold    + . .     Faith    .   c - +0 kite shield
rNeg     + . .     Spirit   .   b - +0 scale mail
rPois    .         Reflect  .   R - +0 hat "Noluel" {Will+ Str+4}
rElec    .         Harm     .   k - +0 cloak
rCorr    +         Rampage  .   h - +1 pair of gloves
Will     ++...                  (boots unavailable)
Stlth    +.........             (no amulet)
HPRegen  0.20/turn              S - +6 ring of strength
MPRegen  0.13/turn              y - ring of the Elephant {rC+ rN+ Will+ rCorr Stlth+}

@: flying quickly and evasively, quick
A: beak, talons 3, nimble flight
a: Renounce Religion, Heroism


You were on level 10 of the Dungeon.
You worshipped Okawaru.
Okawaru was most pleased with you.
You visited 2 branches of the dungeon, and saw 11 of its levels.
You also visited: Ossuary.

You collected 1763 gold pieces.


Innate Abilities, Weirdness & Mutations

You have a beak for a mouth.
You have claws for feet.
Your magical nature lets you fly swiftly and evasively.


   Skills:
 + Level 8.4 Fighting
 + Level 8.9 Long Blades
 + Level 6.5 Armour
 - Level 7.0 Dodging
 + Level 8.5 Shields
 + Level 2.8 Invocations


You had 7 spell levels left.
You knew the following spells:

 Your Spells              Type           Power      Damage    Failure   Level
p - Poisonous Vapours     Pois/Air       0%         N/A       96%         2

Your spell library contained the following spells:

 Spells                   Type           Power      Damage    Failure   Level
 Sting                    Tmut/Pois      0%         1d3       88%         1
 Conjure Flame            Conj/Fire      0%         6-21      99%         3
 Ignite Poison            Fire/Tmut/Pois 0%         N/A       99%         3
 Portal Projectile        Hex/Tloc       0%         N/A       99%         3
 Stone Arrow              Conj/Erth      0%         3d7       99%         3
 Airstrike                Air            0%         N/A       100%        4
 Animate Armour           Summ/Erth      0%         N/A       100%        4
 Olgreb's Toxic Radiance  Pois           0%         N/A       100%        4
 Sticky Flame             Conj/Fire      0%         2d3       100%        4
 Summon Lightning Spire   Summ/Air       0%         N/A       100%        4
 Blade Hands              Tmut           0%         N/A       100%        5
 Excruciating Wounds      Necr           0%         N/A       100%        5
 Lightning Bolt           Conj/Air       0%         1d11      100%        5
 Borgnjor's Revivificati  Necr           0%         N/A       100%        8
 Lehudib's Crystal Spear  Conj/Erth      0%         10d2      100%        8
 Necromutation            Tmut/Necr      0%         N/A       100%        8
 Death's Door             Necr           0%         N/A       100%        9

Inventory:

Hand Weapons
 a - a +0 long sword
 p - a +3 long sword (weapon)
   (You took it off a wight on level 6 of the Dungeon)
Missiles
 e - 383 stones (quivered)
 m - 204 arrows
 n - 33 poisoned darts
 o - 2 boomerangs of dispersal {=f!f}
 r - 31 bolts
 t - 59 sling bullets
 J - a throwing net {=f!f}
 N - 3 silver boomerangs
 O - 3 atropa-tipped darts
 T - 3 boomerangs
Armour
 b - a +0 scale mail (worn)
 c - a +0 kite shield (worn)
 h - a +1 pair of gloves (worn)
   (You found it on level 1 of the Dungeon)
 k - a +0 cloak (worn)
   (You took it off Maurice on level 9 of the Dungeon)
 R - the +0 hat "Noluel" (worn) {Will+ Str+4}
   (You found it on level 9 of the Dungeon)

   Str:       It affects your strength (+4).
   Will:      It increases your willpower.
Jewellery
 v - a ring of see invisible
   (You found it on level 8 of the Dungeon)
 y - the ring of the Elephant (right hand) {rC+ rN+ Will+ rCorr Stlth+}
   (You took it off an orc on level 5 of the Dungeon)

   [ring of positive energy]

   rC:        It protects you from cold.
   rN:        It protects you from negative energy.
   rCorr:     It protects you from acid and corrosion.
   Will:      It increases your willpower.
   Stlth:     It makes you more stealthy.
 C - a ring of protection from cold
   (You found it on level 9 of the Dungeon)
 S - a +6 ring of strength (left hand)
   (You found it on level 1 of the Dungeon)
Wands
 q - a wand of polymorph (7)
   (You took it off Maurice on level 9 of the Dungeon)
 A - a wand of acid (16)
   (You found it on level 6 of the Dungeon)
 D - a wand of digging (8)
   (You found it on level 7 of the Dungeon)
 Q - a wand of flame (19)
   (You found it on level 9 of the Dungeon)
 V - a wand of paralysis (10)
   (You found it on level 9 of the Dungeon)
Scrolls
 d - a scroll of blinking {!r}
 g - 5 scrolls of noise {!r}
 s - 3 scrolls of teleportation {@r4}
 G - a scroll of torment {!r}
 L - a scroll of holy word
 P - a scroll of fear
 U - a scroll of fog
Potions
 f - 4 potions of flight
 i - 5 potions of curing {@q1}
 j - 3 potions of haste {unknown}
 l - a potion of resistance {unknown}
 u - 3 potions of attraction {unknown}
 w - 5 potions of lignification {unknown}
 x - 3 potions of might
 z - a potion of ambrosia {unknown}
 B - a potion of invisibility {unknown}
 E - a potion of degeneration {unknown}
 H - 4 potions of cancellation {unknown}
 I - a potion of brilliance {unknown}
 M - 3 potions of mutation {unknown}

Dungeon Overview and Level Annotations

Branches:
Dungeon (10/15)            Temple (1/1) D:6            Lair (0/6) D:10
    Orc (0/2) D:10        Ossuary (visited)

Altars:
Ashenzari
Cheibriados
Dithmenos
Elyvilon
Fedhas
Kikubaaqudgha
Makhleb
Nemelex Xobeh
Okawaru
Qazlal
Sif Muna
Uskayaw
Wu Jian
Xom
Yredelemnul
Zin
The Shining One

Shops:
D:5 *[

Annotations:
D:5 2 transporters, growler's ghost, novice TeAE

#.....#
.......## ...
........# .#....
........# .#....
........# ......
........##......
................
.....?.@.c...o..
.......#...####
#.....##.!.#
###### #...#
#...# #...#
#...# ##.....R○
....##.


You could see a yaktaur and an orc.


Message History

Press: ? - help, Shift-Dir - straight line, f/p - centaur warrior zombie
Aim: a centaur warrior zombie (lightly damaged, 87% to hit)
Okay, then.
Throw: 3 boomerangs (silver)
Press: ? - help, Shift-Dir - straight line, f/p - centaur warrior zombie
Aim: a centaur warrior zombie (lightly damaged, 87% to hit)
You throw a silver boomerang.
The silver boomerang hits the centaur warrior zombie.
Throw: 3 boomerangs (silver)
Press: ? - help, Shift-Dir - straight line, f/p - centaur warrior zombie
Aim: a centaur warrior zombie (lightly damaged, 87% to hit)
You throw a silver boomerang.
The silver boomerang hits the centaur warrior zombie.
You block the centaur warrior zombie's attack.
The centaur warrior zombie kicks you but does no damage. 😱 HP[+1]
You hit the centaur warrior zombie but do no damage.
You claw the centaur warrior zombie, but do no damage.
You peck the centaur warrior zombie, but do no damage.
The centaur warrior zombie barely misses you. x2
You slash the centaur warrior zombie! You claw the centaur warrior zombie.
Your peck misses the centaur warrior zombie.
The centaur warrior zombie misses you.
The centaur warrior zombie kicks you but does no damage.
The centaur warrior zombie barely misses you.
The centaur warrior zombie kicks you but does no damage.
You hit the centaur warrior zombie. You claw the centaur warrior zombie.
You block the centaur warrior zombie's attack.
The centaur warrior zombie closely misses you.
You slash the centaur warrior zombie! You claw the centaur warrior zombie!
You peck the centaur warrior zombie, but do no damage.
You block the centaur warrior zombie's attack.
The centaur warrior zombie kicks you.
* * * LOW HITPOINT WARNING * * *
😱 HP[-1]
You take 1 damage, and now have 12/64 hp.
You slash the centaur warrior zombie! You claw the centaur warrior zombie.
You peck the centaur warrior zombie! The centaur warrior zombie hits you.
* * * LOW HITPOINT WARNING * * *
You block the centaur warrior zombie's attack.
The centaur warrior zombie hits you but does no damage.
The centaur warrior zombie kicks you but does no damage. 😱 HP[-4]
You take 4 damage, and now have 8/64 hp.
You hit the centaur warrior zombie. You claw the centaur warrior zombie!
The centaur warrior zombie hits you.
* * * LOW HITPOINT WARNING * * *
You block the centaur warrior zombie's attack. 😱 HP[-2]
You take 2 damage, and now have 6/64 hp.
Unknown command.
You hit the centaur warrior zombie.
You destroy the centaur warrior zombie!
Okawaru is honoured by your kill.
You now have 65 max hp (+1).
You start resting. 😱 HP[+2] MP[+1]
You regained 2 hp, and now have 8/65 hp.
Your mp is fully restored (13).
You start resting.
An orc wizard comes into view. It is wielding a +0 dagger.
You start resting.
An orc wizard is nearby! 😱 HP[+1]
You start resting.
An orc comes into view. It is wielding a +0 dagger. 😱 HP[+1]
You start resting.
A yaktaur comes into view. 😱 HP[+1]
An efreet comes into view.
It is wielding a +2 scimitar of flaming. 😱 HP[+1]
Okay, then.
You feel much better.
The yaktaur shouts!
You hear a shout!
The yaktaur wields a +0 arbalest.
The yaktaur shoots a bolt.
You block the bolt. 😮 HP[+28]
You regained 28 hp, and now have 40/65 hp.
The yaktaur shoots a bolt.
The bolt hits you! 😮 HP[-7]
You take 7 damage, and now have 33/65 hp.
An orc priest comes into view. It is wielding a +0 club.
The yaktaur shoots a bolt.
The bolt hits you!
* * * LOW HITPOINT WARNING * * *
You hear a shout! x2 😨 HP[-9]
You take 9 damage, and now have 24/65 hp.
You hear a shout!
The yaktaur unwields a +0 arbalest.
The yaktaur hits you!
* * * LOW HITPOINT WARNING * * *
An orc comes into view. It is wielding a +0 club. 😱 HP[-12]
You take 12 damage, and now have 12/65 hp.
The yaktaur wields a +0 arbalest.
The yaktaur shoots a bolt.
The bolt barely misses you.
You hear a shout!
There is a staircase to the Lair here.
The yaktaur shoots a bolt.
The bolt hits you!
You die...

Skill      XL: |  1  2  3  4  5  6  7  8  9 10 |
---------------+-------------------------------+-----
Dodging        | 1 2 3 4 5 7 |  7.0
Long Blades    | 3 4 5 6 7 8 |  8.9
Armour         | 4 6 |  6.5
Fighting       | 4 5 6 7 8 |  8.4
Shields        | 4 5 6 7 8 |  8.5
Invocations    | 2 |  2.8

Action                   |  1- 3 |  4- 6 |  7- 9 | 10-12 || total
-------------------------+-------+-------+-------+-------++-------
Melee: Long sword        |    75 |   113 |   233 |   103 ||   524
       Kick              |    16 |    35 |    93 |    49 ||   193
       Peck              |    11 |    15 |    48 |    25 ||    99
Throw: Dart              |       |     8 |    17 |    14 ||    39
       Boomerang         |       |       |       |     3 ||     3
Evoke: Wand              |       |       |       |     1 ||     1
  Use: Potion            |       |     5 |       |     1 ||     6
       Scroll            |       |     5 |     4 |     4 ||    13
 Stab: Paralysed         |       |       |       |     1 ||     1
Armor: Scale mail        |    33 |    37 |    71 |    24 ||   165
Dodge: Dodged            |    19 |    39 |   123 |    56 ||   237
Block: Kite shield       |    46 |    54 |   113 |    82 ||   295
       Rpst.: Long sword |     3 |     9 |    42 |    12 ||    66

Levels and vault maps discovered:
D:1:      dpeg_arrival_windows_large_door, layout_basic
D:2:      layout_rooms, hangedman_decor_clover_reticule,
          kennysheep_generic_room_12, uniq_natasha
D:3:      layout_loops_ring
D:4:      layout_rooms, interstate_on_off, grunt_ministairs_2
D:5:      layout_basic, zin_purify, nemelex_spade_bored_becter,
          gammafunk_ghost_arena, serial_shops, kennysheep_little_box
D:6:      layout_gridville, minmay_temple_entry_large_hall,
          lightli_ossuary_entry_decrepit_ruins
D:7:      cheibrodos_statue_roulette, layout_basic,
          pdpol_wu_jian_five_deadly_venoms, nicolae_qazlal_general_emergency,
          corexii_corridor_pit
D:8:      layout_loops_cross, mainiacjoe_overflow_small_starburst,
          lemuel_zombie_altar_yredelemnul, grunt_temple_overflow_open
D:9:      layout_roguey, nicolae_sif_muna_condensation, uniq_maurice
D:10:     minmay_cut_squares, layout_rooms, lair_entry_dummy, david_orc_2
Temple:   chequers_temple_sunken

Notes
Turn   | Place    | Note
-------+----------+-------------------------------------------
     0 | D:1      | spiderkeys the Tengu Fighter began the quest for the Orb.
     0 | D:1      | Reached XP level 1. HP: 14/14 MP: 2/2
     0 | D:1      | magus.rc [v1.9.10]
   212 | D:1      | Reached XP level 2. HP: 19/19 MP: 3/3
   994 | D:2      | Reached XP level 3. HP: 16/23 MP: 4/4
  1304 | D:2      | Reached skill level 1 in Dodging
  1362 | D:2      | Noticed Natasha
  1372 | D:2      | Killed Natasha
  1373 | D:2      | Reached skill level 3 in Long Blades
  1373 | D:2      | Reached XP level 4. HP: 22/28 MP: 5/5
  1648 | D:2      | Noticed Natasha
  1659 | D:2      | HP: 7/28 [Natasha (3)]
  1660 | D:2      | HP: 2/28 [shadow imp[Natasha] (3)]
  1666 | D:2      | Killed Natasha
  1667 | D:2      | Reached skill level 4 in Armour
  1820 | D:2      | Gained mutation: Your magical nature lets you fly swiftly
                  | and evasively. [Tengu growth]
  1820 | D:2      | Reached XP level 5. HP: 11/33 MP: 6/6
  2211 | D:3      | Reached skill level 2 in Dodging
  2875 | D:3      | Reached skill level 4 in Fighting
  2875 | D:3      | Reached skill level 4 in Shields
  2884 | D:3      | Reached XP level 6. HP: 16/38 MP: 7/7
  3090 | D:4      | Noticed a black bear
  3098 | D:4      | Killed a black bear
  3205 | D:4      | You pick up a book of Weapons and begin reading...
  3205 | D:4      | You add the spells Portal Projectile, Excruciating Wounds
                  | and Blade Hands to your library.
  3272 | D:4      | Reached skill level 4 in Long Blades
  3325 | D:4      | Reached skill level 3 in Dodging
  3669 | D:5      | Entered Level 5 of the Dungeon
  3684 | D:5      | Reached XP level 7. HP: 44/44 MP: 8/8
  4073 | D:5      | Found a transporter.
  4076 | D:5      | Noticed growler's ghost (novice TeAE)
  4077 | D:5      | Found a transporter.
  4137 | D:5      | Found a sparkling altar of Nemelex Xobeh.
  4432 | D:5      | Reached skill level 5 in Shields
  4605 | D:5      | Reached skill level 5 in Fighting
  4605 | D:5      | Reached skill level 4 in Dodging
  4838 | D:5      | Reached skill level 5 in Long Blades
  4852 | D:5      | Found Zin's Purification Station.
  4852 | D:5      | Found a glowing silver altar of Zin.
  5037 | D:5      | Reached XP level 8. HP: 37/49 MP: 9/9
  5163 | D:5      | Identified the ring of the Elephant {rC+ rN+ Will+ rCorr
                  | Stlth+}
  5262 | D:5      | Found Reehaf's Armour Emporium.
  5538 | D:6      | You add the spells Sting, Poisonous Vapours and Olgreb's
                  | Toxic Radiance to your library.
  5691 | D:6      | Noticed a two-headed ogre
  5701 | D:6      | Killed a two-headed ogre
  5702 | D:6      | Reached skill level 6 in Fighting
  5702 | D:6      | Reached skill level 6 in Long Blades
  5702 | D:6      | Reached skill level 5 in Dodging
  5702 | D:6      | Reached skill level 6 in Shields
  5702 | D:6      | Reached XP level 9. HP: 41/56 MP: 10/10
  5709 | D:6      | Found a sand-covered staircase.
  5716 | Ossuary  | Entered an ossuary
  5819 | Ossuary  | Reached skill level 6 in Dodging
  5935 | Ossuary  | Identified a scroll of acquirement
  5935 | Ossuary  | Acquired 1099 gold pieces
  6345 | D:6      | Reached skill level 7 in Long Blades
  6565 | D:6      | Found a staircase to the Ecumenical Temple.
  6574 | Temple   | Entered the Ecumenical Temple
  6581 | Temple   | Became a worshipper of Warmaster Okawaru
  6986 | D:6      | You pick up a book of Armaments and begin reading...
  6986 | D:6      | You add the spells Stone Arrow, Animate Armour and
                  | Lehudib's Crystal Spear to your library.
  7064 | D:6      | Learned a level 2 spell: Poisonous Vapours
  7163 | D:7      | Found an ornate altar of the Wu Jian Council.
  7245 | D:7      | Reached skill level 7 in Shields
  7254 | D:7      | Found a stormy altar of Qazlal.
  7348 | D:7      | You add the spells Conjure Flame, Ignite Poison and Sticky
                  | Flame to your library.
  7390 | D:7      | Reached skill level 7 in Fighting
  7766 | D:7      | Noticed a gargoyle
  7778 | D:7      | Killed a gargoyle
  7778 | D:7      | Reached * piety under Okawaru
  7779 | D:7      | Reached skill level 7 in Dodging
  7779 | D:7      | Reached XP level 10. HP: 28/63 MP: 11/11
  7959 | D:7      | Noticed a gargoyle
  7960 | D:7      | Noticed a gargoyle
  8203 | D:8      | Found a glowing golden altar of the Shining One.
  8203 | D:8      | Noticed a red ugly thing
  8225 | D:8      | Killed a red ugly thing
  8226 | D:8      | Reached skill level 5 in Armour
  8428 | D:7      | Reached skill level 8 in Long Blades
  8623 | D:8      | Found a basalt altar of Yredelemnul.
  8785 | D:8      | Found a blossoming altar of Fedhas.
  8786 | D:8      | Found a white marble altar of Elyvilon.
  8787 | D:8      | Found a hide-covered altar of Uskayaw.
  8787 | D:8      | Found a broken altar of Ashenzari.
  8787 | D:8      | Found a snail-covered altar of Cheibriados.
  8797 | D:8      | You pick up a book of Storms and begin reading...
  8797 | D:8      | You add the spells Airstrike, Summon Lightning Spire and
                  | Lightning Bolt to your library.
  9241 | D:9      | Reached skill level 1 in Invocations
  9550 | D:9      | Noticed a two-headed ogre
  9558 | D:9      | HP: 16/64 [two-headed ogre (20)]
  9559 | D:9      | Killed a two-headed ogre
  9559 | D:9      | Reached ** piety under Okawaru
  9560 | D:9      | Reached skill level 8 in Fighting
  9560 | D:9      | Reached skill level 8 in Shields
  9854 | D:9      | Noticed Maurice
  9878 | D:9      | Killed Maurice
  9879 | D:9      | Reached skill level 6 in Armour
  9879 | D:9      | Reached skill level 2 in Invocations
  9930 | D:9      | You add the spells Borgnjor's Revivification, Necromutation
                  | and Death's Door to your library.
  9954 | D:9      | Identified the +0 hat "Noluel" {Will+ Str+4}
  9968 | D:9      | Noticed a two-headed ogre
  9974 | D:9      | Killed a two-headed ogre
  9974 | D:9      | Reached *** piety under Okawaru
 10145 | D:9      | Found a shimmering blue altar of Sif Muna.
 10248 | D:10     | Entered Level 10 of the Dungeon
 10290 | D:10     | Found a staircase to the Orcish Mines.
 10358 | D:10     | Noticed an ogre mage
 10378 | D:10     | HP: 9/64 [something (13)]
 10380 | D:10     | Found a staircase to the Lair.
 10397 | D:10     | HP: 12/64 [centaur warrior zombie (2)]
 10433 | D:10     | HP: 12/65 [yaktaur (13)]
 10435 | D:10     | Shot with a bolt by a yaktaur

Vanquished Creatures
  3 two-headed ogres
  An ugly thing (D:8)
  Maurice (D:9)
  A gargoyle (D:7)
  A troll (D:9)
  A water moccasin (D:6)
  3 sky beasts
  2 necrophages
  A black bear (D:4)
  3 centaurs
  An ogre (D:5)
  A bullfrog (D:6)
  A kobold brigand (D:9)
  A gnoll sergeant (D:6)
  A scorpion (D:5)
  2 water moccasin zombies (Ossuary)
  5 killer bees (D:7)
  3 howler monkeys
  8 wights
  3 centaur zombies
  A jelly (D:7)
  A gnoll shaman (D:5)
  6 orc priests
  A hound (D:4)
  An iguana (D:5)
  Natasha (twice) (D:2)
  10 orc wizards
  A killer bee zombie (D:5)
  2 mummies (Ossuary)
  A howler monkey zombie (D:8)
  7 gnolls
  3 adders
  8 adder zombies (Ossuary)
  2 worms (D:2)
  3 dart slugs
  45 orcs
  6 ball pythons
  8 endoplasms
  3 giant cockroaches
  5 goblins
  3 hobgoblins
  2 quokkas
  7 bats
  5 frilled lizards
  2 gnoll zombies (Ossuary)
  4 hobgoblin zombies (Ossuary)
  11 kobolds
  10 kobold zombies (Ossuary)
  6 orc zombies (Ossuary)
  4 rats
213 creatures vanquished.

Table legend:
 A = Non-vault XP
 B = Vault XP
 C = Vault XP percentage of total XP
 D = Non-vault monster count
 E = Vault monster count
 F = Vault count percentage of total count
                 A         B        C        D         E       F
            +---------+---------+-------+---------+---------+-------
      Total |    7888 |    1266 |  13.8 |     164 |      49 |  23.0
            +---------+---------+-------+---------+---------+-------
        D:1 |      29 |       0 |   0.0 |      18 |       0 |   0.0
        D:2 |     125 |      39 |  23.8 |      23 |       2 |   8.0
        D:3 |     127 |       0 |   0.0 |      24 |       0 |   0.0
        D:4 |     291 |       1 |   0.3 |      14 |       1 |   6.7
        D:5 |     683 |       0 |   0.0 |      19 |       0 |   0.0
        D:6 |    2106 |       0 |   0.0 |      26 |       0 |   0.0
        D:7 |     681 |     415 |  37.9 |      14 |       1 |   6.7
        D:8 |     789 |      58 |   6.8 |       8 |       2 |  20.0
        D:9 |    2456 |     480 |  16.3 |      15 |       1 |   6.2
       D:10 |     601 |      24 |   3.8 |       3 |       8 |  72.7
    Ossuary |       0 |     249 | 100.0 |       0 |      34 | 100.0
            +---------+---------+-------+---------+---------+-------

Illustrated notes

Table legend:
 A = Kills in this place as a percentage of kills in entire the game.
 B = Kills by you in this place as a percentage of kills by you in the entire game.
 C = Kills by friends in this place as a percentage of kills by friends in the entire game.
 D = Other kills in this place as a percentage of other kills in the entire game.
 E = Experience gained in this place as a percentage of experience gained in the entire game.
 F = Experience gained in this place divided by the number of levels of this place that you have seen.
                   A       B       C       D       E      F
               +-------+-------+-------+-------+-------+----------------------
         Total | 100.0 | 100.0 |   N/A |   N/A | 100.0 | 762.8
       Dungeon |  84.0 |  84.0 |   N/A |   N/A |  97.3 | 890.5
       Ossuary |  16.0 |  16.0 |   N/A |   N/A |   2.7 | 249.0
               +-------+-------+-------+-------+-------+----------------------

Table legend: (Time is in decaauts)
 A = Elapsed time spent in this place.
 B = Non-inter-level travel time spent in this place.
 C = Inter-level travel time spent in this place.
 D = Time resting spent in this place.
 E = Time spent auto-exploring this place.
 F = Levels seen in this place.
 G = Mean time per level.
                   A        B        C        D        E       F      G
               +--------+--------+--------+--------+--------+-----+--------+
         Total |  10138 |   9902 |    236 |   1336 |   7000 |  12 |  844.8 |
       Dungeon |   9890 |   9660 |    230 |   1336 |   6861 |  10 |  989.0 |
        Temple |     14 |      9 |      5 |      0 |      0 |   1 |   14.0 |
       Ossuary |    234 |    234 |      0 |      0 |    138 |   1 |  234.0 |
               +--------+--------+--------+--------+--------+-----+--------+

Top non-repeatable levels by time:
     D:5: 1607 daAuts
     D:6: 1238 daAuts
     D:7: 1194 daAuts
     D:2: 1160 daAuts
     D:9: 1139 daAuts
     D:1: 1002 daAuts
     D:3: 941 daAuts
     D:4: 742 daAuts
     D:8: 685 daAuts
 Ossuary: 234 daAuts
    D:10: 178 daAuts
  Temple: 14 daAuts
